 Dungeon Crawl Stone Soup version 0.30-a0-1066-g63dfefce0d (webtiles) character file.

Game seed: 7032943048804671809

947 BubbleThief the Nimble (level 7, -2/32 HPs)
             Began as a Spriggan Artificer on Apr 12, 2023.
             Killed from afar by Ijyb (15 damage)
             ... with a puff of flame
             ... on level 5 of the Dungeon.
             The game lasted 00:09:51 (4189 turns).

BubbleThief the Nimble (Spriggan Artificer)         Turns: 4189, Time: 00:09:51

Health: -2/32      AC:  3    Str:  8    XL:     7   Next: 89%
Magic:  8/8        EV: 28    Int: 12    God:
Gold:   384        SH:  0    Dex: 18    Spells: 6/6 levels left

rFire   . . .      SeeInvis +    D - +2 dagger (venom)
rCold   . . .      Faith    .    (no shield)
rNeg    + . .      Spirit   .    b - +0 robe
rPois   .          Reflect  .    (helmet restricted)
rElec   .          Rampage  .    w - +0 cloak
rCorr   .                        (gloves unavailable)
Will    +....                    (boots unavailable)
Stlth   ++                       (no amulet)
HPRegen 0.25/turn                g - +5 ring of evasion
MPRegen 0.11/turn                m - ring of positive energy

@: very quick
A: very small, no large weapons, unfitting armour, see invisible, speed 3
a: no special abilities


You were on level 5 of the Dungeon.
You visited 1 branch of the dungeon, and saw 5 of its levels.

You collected 384 gold pieces.

Inventory:

Hand Weapons
 l - a +3 dagger of protection
 D - a +2 dagger of venom (weapon)
 F - a +4 dagger
Missiles
 G - a throwing net
Armour
 b - a +0 robe (worn)
 w - a +0 cloak (worn)
Jewellery
 g - a +5 ring of evasion (left hand)
 m - a ring of positive energy (right hand)
 o - a ring of ice
 E - a +5 ring of evasion
Wands
 d - a wand of charming (13)
 e - a wand of iceblast (10)
 B - a wand of polymorph (6)
 C - a wand of mindburst (10)
Scrolls
 c - a scroll of enchant armour {unknown}
 i - 2 scrolls of identify {unknown}
 j - 8 scrolls of teleportation {unknown}
 k - 2 scrolls of vulnerability {unknown}
 n - 4 scrolls of fog {unknown}
 p - 2 scrolls of magic mapping {unknown}
 q - 2 scrolls of enchant weapon {unknown}
 t - a scroll of poison {unknown}
 v - a scroll of amnesia {unknown}
 y - 2 scrolls of fear {unknown}
Potions
 a - 2 potions of lignification {unknown}
 f - a potion of might {unknown}
 h - 4 potions of haste {unknown}
 r - 2 potions of curing {unknown}
 s - a potion of degeneration {unknown}
 u - a potion of experience {unknown}
 x - a potion of magic {unknown}
 z - a potion of attraction {unknown}
 A - a potion of heal wounds {unknown}
 H - a potion of flight {unknown}
 I - a potion of brilliance {unknown}


   Skills:
 - Level 0.7 Fighting
 + Level 6.3 Short Blades
 + Level 9.0 Dodging
 - Level 1.5 Stealth
 - Level 5.0 Evocations


You had 6 spell levels left.
You didn't know any spells.
Your spell library contained the following spells:

 Spells                   Type           Power      Damage    Failure   Level
 Shock                    Conj/Air       0%         1d3       32%         1
 Summon Small Mammal      Summ           0%         N/A       32%         1
 Blink                    Tloc           0%         N/A       45%         2
 Lesser Beckoning         Tloc           0%         N/A       45%         2
 Momentum Strike          Conj/Tloc      0%         3d8       45%         2
 Call Canine Familiar     Summ           0%         N/A       69%         3
 Ozocubu's Armour         Ice            0%         N/A       69%         3
 Summon Guardian Golem    Hex/Summ       0%         N/A       69%         3
 Swiftness                Air            0%         N/A       69%         3
 Airstrike                Air            0%         2d(0-16)  97%         4
 Ozocubu's Refrigeration  Ice            0%         4d7       100%        7


Dungeon Overview and Level Annotations

Branches:
Dungeon (5/15)
 Temple: D:4-7

Altars:
Yredelemnul

Shops:
D:3 *::

Annotations:
D:5 Ijyb


Innate Abilities, Weirdness & Mutations

You are very small and have problems with some larger weapons.
You are too small for most types of armour.
You have supernaturally acute eyesight. (SInv)
You cover ground extremely quickly. (Speed+++)


Message History

The ice beast hits you. The ice beast freezes you!
You closely miss the ice beast.
The ice beast is moderately wounded.
The ice beast closely misses you.
You hit the ice beast.
The ice beast is moderately wounded.
You barely miss the ice beast.
The ice beast is moderately wounded.
The ice beast completely misses you.
You closely miss the ice beast.
The ice beast is moderately wounded.
The ice beast misses you.
You hit the ice beast but do no damage.
The ice beast is moderately wounded.
You hit the ice beast but do no damage.
The ice beast is moderately wounded.
The ice beast hits you. The ice beast freezes you!
You are too injured to fight recklessly!
You are too injured to fight recklessly!
You are too injured to fight recklessly!
You are too injured to fight recklessly!
You are too injured to fight recklessly!
Aiming: Mindburst
Press: ? - help, Shift-Dir - straight line, f - ice beast
Aim: an ice beast (moderately wounded, chance to affect: 81%)
The ice beast barely resists.
Ijyb the Twisted Goblin comes into view.
She is wielding a +0 dagger and carrying a wand of flame (19).
Unknown command.
Unknown command.
You closely miss Ijyb. You hit Ijyb but do no damage. Ijyb barely misses you.
You hit Ijyb.
Ijyb is poisoned.
Ijyb is lightly wounded.
Ijyb completely misses you.
You hit Ijyb but do no damage.
Ijyb looks as sick as possible!
Ijyb is lightly wounded.
You hit Ijyb.
Ijyb looks as sick as possible!
Ijyb is moderately wounded.
Ijyb zaps a wand.
The puff of flame hits you!
You die...

.....#####.# #.#..#
...........# #....#
#.##†#######
####.## ..##.#
#...# ####)# ##.##
####.# #.# .....#
##########.##
######
#...........#
#@####.##...######
.
##g####.##.....(...
#
#.Yl.l..###..######
#.#####.# #..# #.
#†###..# #.
#...#..# #.
#......# #.
#......# #.
..........#


You could see an ice beast, Ijyb (extremely poisoned) and an iguana.

Vanquished Creatures
  An orc warrior (D:5)
  A sky beast (D:4)
  2 scorpions
  A howler monkey (D:4)
  2 hounds (D:4)
  3 iguanas
  Terence (D:3)
  Natasha (twice) (D:3)
  An orc wizard (D:4)
  2 gnolls (D:5)
  18 adders
  A white imp (D:5)
  An ufetubus (D:5)
  A worm (D:2)
  6 dart slugs
  5 orcs
  6 endoplasms
  3 giant cockroaches
  9 goblins
  8 hobgoblins
  10 jackals
  5 quokkas
  10 ball pythons
  3 bats
  2 frilled lizards
  8 kobolds
  10 rats
122 creatures vanquished.

Vanquished Creatures (collateral kills)
  An iguana (D:5)
  2 orc wizards (D:5)
  A gnoll (D:5)
  An ufetubus (D:5)
5 creatures vanquished.

Grand Total: 127 creatures vanquished

Notes
Turn   | Place    | Note
-------+----------+-------------------------------------------
     0 | D:1      | BubbleThief the Spriggan Artificer began the quest for the
                  | Orb.
     0 | D:1      | Reached XP level 1. HP: 9/9 MP: 2/2
   178 | D:1      | Reached XP level 2. HP: 8/14 MP: 3/3
   239 | D:1      | Found a faded altar of an unknown god.
   344 | D:1      | Reached skill level 4 in Dodging
   760 | D:2      | Reached XP level 3. HP: 17/17 MP: 4/4
   807 | D:2      | Reached skill level 5 in Evocations
  1083 | D:2      | Reached skill level 1 in Short Blades
  1103 | D:2      | Reached XP level 4. HP: 9/21 MP: 5/5
  1475 | D:2      | Reached skill level 5 in Dodging
  1964 | D:3      | Found a basalt altar of Yredelemnul.
  2060 | D:3      | Noticed Terence
  2068 | D:3      | Killed Terence
  2069 | D:3      | Reached XP level 5. HP: 25/25 MP: 6/6
  2118 | D:3      | Found Fonnuf's Book Shop.
  2125 | D:3      | Identified the staff of air "Coaggubi" {rElec Dex+5}
  2149 | D:3      | Found Hucahe's General Store.
  2415 | D:3      | Found Vufrumit's Book Shoppe.
  2451 | D:3      | Reached skill level 6 in Dodging
  2834 | D:3      | Noticed Natasha
  2860 | D:3      | Killed Natasha
  2861 | D:3      | Reached XP level 6. HP: 25/29 MP: 7/7
  3010 | D:3      | Noticed Natasha
  3023 | D:3      | Killed Natasha
  3135 | D:4      | Reached skill level 7 in Dodging
  3362 | D:4      | Noticed a sky beast
  3413 | D:4      | Killed a sky beast
  3414 | D:4      | Reached skill level 5 in Short Blades
  3414 | D:4      | Reached XP level 7. HP: 32/32 MP: 8/8
  3515 | D:4      | Reached skill level 8 in Dodging
  3774 | D:5      | Entered Level 5 of the Dungeon
  4141 | D:5      | Reached skill level 9 in Dodging
  4182 | D:5      | Noticed Ijyb
  4189 | D:5      | Killed from afar by Ijyb

Illustrated notes

Levels and vault maps discovered:
D:1:      minmay_arrival_solitary_statue, layout_basic,
          shapermc_ecumenical_altar_totnotflames
D:2:      layout_loops_corners, grunt_ministairs_12, minmay_misc_feat_pillars,
          minmay_pentomino_pile
D:3:      layout_loops_ring, amcnicky_altar_gilded, serial_shops,
          nicolae_lakefront_shop, nicolae_shop_temple_entry_statues_fountains,
          nicolae_shop_stone, hex_medium, grunt_ministairs_9,
          minmay_snake_closets, uniq_natasha, uniq_terence
D:4:      layout_rooms, minmay_cupped
D:5:      layout_loops_ring, uniq_ijyb

Skill      XL: |  1  2  3  4  5  6  7 |
---------------+----------------------+-----
Dodging        | 4 5 6 7 9 |  9.0
Evocations     | 5 |  5.0
Short Blades   | 1 2 3 5 6 |  6.3
Fighting       | |  0.7
Stealth        | |  1.5

Action                     |  1- 3 |  4- 6 |  7- 9 || total
---------------------------+-------+-------+-------++-------
  Melee: Club              |    22 |       |       ||    22
         Dagger            |   117 |   267 |   123 ||   507
         Punch             |       |     3 |       ||     3
  Evoke: Wand              |    10 |     9 |     4 ||    23
   Stab: Sleeping          |     8 |     7 |     1 ||    16
         Distracted        |       |     1 |       ||     1
 Armour: Robe              |    12 |    33 |     5 ||    50
  Dodge: Dodged            |   103 |   230 |    91 ||   424

Table legend: (Time is in decaauts)
 A = Elapsed time spent in this place.
 B = Non-inter-level travel time spent in this place.
 C = Inter-level travel time spent in this place.
 D = Time resting spent in this place.
 E = Time spent auto-exploring this place.
 F = Levels seen in this place.
 G = Mean time per level.
                   A        B        C        D        E       F      G
               +--------+--------+--------+--------+--------+-----+--------+
         Total |   2900 |   2852 |     48 |      0 |   1970 |   5 |  580.0 |
       Dungeon |   2900 |   2852 |     48 |      0 |   1970 |   5 |  580.0 |
               +--------+--------+--------+--------+--------+-----+--------+

Top non-repeatable levels by time:
     D:2: 838 daAuts
     D:3: 765 daAuts
     D:1: 531 daAuts
     D:4: 498 daAuts
     D:5: 266 daAuts
